 Dungeon Crawl Stone Soup version 0.30-a0-358-g0d69a1922f (webtiles) character file.

Game seed: 7343674202280189015

82 oldmanjim the Digger (level 4, -6/33 HPs)
             Began as a Demigod Earth Elementalist on Nov 9, 2022.
             Killed by divine providence
             ... invoked by an orc priest
              (11 damage)
             ... on level 5 of the Dungeon.
             The game lasted 00:13:18 (2609 turns).

oldmanjim the Digger (Demigod Earth Elementalist)   Turns: 2609, Time: 00:13:19

Health: -6/33      AC:  3    Str:  9    XL:     4   Next: 1%
Magic:  9/10       EV: 12    Int: 21    God:
Gold:   124        SH:  0    Dex: 14    Spells: 2/8 levels left

rFire   . . .      SeeInvis .    a - +0 dagger (venom)
rCold   . . .      Faith    .    (no shield)
rNeg    . . .      Spirit   .    l - +1 robe
rPois   .          Reflect  .    (no helmet)
rElec   .          Harm     .    (no cloak)
rCorr   .          Rampage  .    (no gloves)
Will    .....                    (no boots)
Stlth   ++........               (no amulet)
HPRegen 0.25/turn                (no ring)
MPRegen 0.12/turn                (no ring)

@: no status effects
A: high MP 1, forlorn, divine attributes
a: no special abilities


You were on level 5 of the Dungeon.
You visited 1 branch of the dungeon, and saw 5 of its levels.

You collected 124 gold pieces.

Inventory:

Hand Weapons
 a - a +0 dagger of venom (weapon)
Missiles
 f - 4 poisoned darts
 k - 28 stones
Armour
 l - a +1 robe (worn)
Scrolls
 d - a scroll of enchant weapon {unknown}
 e - a scroll of enchant armour
 h - a scroll of amnesia
Potions
 b - a potion of magic
 c - 3 potions of flight
 g - a potion of brilliance {unknown}
 i - a potion of cancellation {unknown}
 n - a potion of ambrosia {unknown}


   Skills:
 - Level 1.7 Dodging
 - Level 1.7 Stealth
 + Level 2.5 Spellcasting
 + Level 0.4 Conjurations
 - Level 2.0 Transmutations
 + Level 3.4 Earth Magic


You had 2 spell levels left.
You knew the following spells:

 Your Spells              Type           Power      Damage    Failure   Level
a - Sandblast             Erth           34%        2d9       3%          1
b - Passwall              Tmut/Erth      11%        N/A       7%          2
c - Stone Arrow           Conj/Erth      20%        3d8       19%         3

Your spell library contained the following spells:

 Spells                   Type           Power      Damage    Failure   Level
 Foxfire                  Conj/Fire      12%        2x1d4     13%         1
 Petrify                  Tmut/Erth      14%        N/A       41%         4
 Fireball                 Conj/Fire      1%         3d3       98%         5
 Starburst                Conj/Fire      1%         6d3       100%        6


Dungeon Overview and Level Annotations

Branches:
Dungeon (6/15)
 Temple: D:4-7

Annotations:
D:1 2 transporters
D:2 1 runed translucent door, Crazy Yiuf
D:5 2 runed translucent doors


Innate Abilities, Weirdness & Mutations

You have an increased reservoir of magic. (+10% MP)
You shall have no god before yourself.
Your divine heritage dramatically boosts your attributes as you level up.


Message History

Aim: a quokka (asleep, 100% to hit)
The blast of sand hits the quokka.
The quokka is almost dead.
Casting: Sandblast (safe; 3% risk of failure)
Confirm with . or Enter, or press ? or * to list all spells.
Aiming: Sandblast (safe; 3% risk of failure)
Press: ? - help, Shift-Dir - straight line, f/p - quokka
Aim: a quokka (almost dead, 75% to hit)
The blast of sand misses the quokka.
The quokka bites you. The quokka closely misses you.
Casting: Sandblast (safe; 3% risk of failure)
Confirm with . or Enter, or press ? or * to list all spells.
Aiming: Sandblast (safe; 3% risk of failure)
Press: ? - help, Shift-Dir - straight line, f/p - quokka
Aim: a quokka (almost dead, 75% to hit)
The blast of sand hits the quokka.
You kill the quokka!
Found 7 stones.
You see here a quokka corpse.
An orc wizard comes into view. It is wielding a +0 mace.
The orc wizard shouts!
You hear a shout!
The orc wizard gestures at you while chanting.
You are confused.
An orc priest comes into view.
It is wielding a +0 whip and wearing a +0 chain mail of cold resistance.
The orc priest shouts!
You hear a shout!
An orc priest comes into view. It is wielding a +0 flail.
The orc wizard points at you and mumbles some strange words.
The puff of flame hits you!
The orc wizard casts a spell.
The orc wizard flickers and vanishes!
Deactivating autopickup; reactivate with Ctrl-A.
You feel less confused.
A puff of flame appears from out of thin air!
The puff of flame hits you!
The orc priest invokes the aid of Beogh against you.
Beogh smites you!
* * * LOW HITPOINT WARNING * * *
The orc priest calls down the wrath of Beogh upon you.
Beogh smites you!
You die...

#.......#...####.#
..#(.............#
.......#..8..#...#
..###..##.).##..##
. #..#######..#
...###..##..(##..#
#...o...#..8..#..#
#.####o.......†..#
###..@....###
#.####### #.# ..#
####


You could see 2 orc priests.

Vanquished Creatures
  Robin (D:2)
  2 white imps
  An ufetubus (D:5)
  2 dart slugs (D:2)
  5 endoplasms
  2 giant cockroaches
  6 hobgoblins (D:2)
  A quokka (D:5)
  7 ball pythons
  4 bats
  A frilled lizard (D:1)
  9 goblins
  5 kobolds
  2 rats
48 creatures vanquished.

Notes
Turn   | Place    | Note
-------+----------+-------------------------------------------
     0 | D:1      | oldmanjim the Demigod Earth Elementalist began the quest
                  | for the Orb.
     0 | D:1      | Reached XP level 1. HP: 14/14 MP: 5/5
    72 | D:1      | Reached skill level 1 in Transmutations
   537 | D:1      | Reached XP level 2. HP: 20/20 MP: 4/7
   540 | D:1      | Learned a level 2 spell: Passwall
   797 | D:2      | Noticed Robin
   804 | D:1      | Reached skill level 3 in Earth Magic
  1079 | D:2      | Found a runed translucent door.
  1080 | D:2      | Noticed Crazy Yiuf
  1334 | D:2      | Reached XP level 3. HP: 26/26 MP: 7/9
  1343 | D:2      | Learned a level 3 spell: Stone Arrow
  1576 | D:2      | Killed Robin
  2236 | D:3      | You fall into a shaft and drop 3 floors!
  2381 | D:5      | Entered Level 5 of the Dungeon
  2395 | D:5      | Reached XP level 4. HP: 33/33 MP: 5/10
  2471 | D:5      | Found a runed translucent gate.
  2472 | D:5      | Found a runed translucent gate.
  2609 | D:5      | Killed from afar by an orc priest

Illustrated notes

Levels and vault maps discovered:
D:1:      spicycebolla_arrival_transporter_tutorial, layout_loops_ring
D:2:      layout_basic, hellmonk_ecumenical_altar_arch_garden,
          uniq_crazy_yiuf_cottage, uniq_robin
D:3:      layout_basic, minmay_fractal_squares_diagonal_5, uniq_natasha
D:5:      layout_basic, gammafunk_ghost_necromancy, mrwooster_statue_mirror
D:6:      layout_gridville, grunt_temple_overflow_lords_of_destruction,
          mainiacjoe_overflow_small_starburst

Skill      XL: |  1  2  3 |
---------------+----------+-----
Transmutations | 1 2 |  2.0
Spellcasting   | 2 |  2.5
Earth Magic    | 3 |  3.4
Dodging        | |  1.7
Stealth        | |  1.7
Conjurations   | |  0.4

Action                   |  1- 3 |  4- 6 || total
-------------------------+-------+-------++-------
Melee: Dagger            |    13 |       ||    13
 Cast: Sandblast         |    70 |     3 ||    73
       Stone Arrow       |     3 |       ||     3
  Use: Scroll            |     7 |       ||     7
Armor: Robe              |     5 |       ||     5
Dodge: Dodged            |    20 |     1 ||    21

Table legend: (Time is in decaauts)
 A = Elapsed time spent in this place.
 B = Non-inter-level travel time spent in this place.
 C = Inter-level travel time spent in this place.
 D = Time resting spent in this place.
 E = Time spent auto-exploring this place.
 F = Levels seen in this place.
 G = Mean time per level.
                   A        B        C        D        E       F      G
               +--------+--------+--------+--------+--------+-----+--------+
         Total |   2645 |   2545 |    100 |    105 |   1923 |   5 |  529.0 |
       Dungeon |   2645 |   2545 |    100 |    105 |   1923 |   5 |  529.0 |
               +--------+--------+--------+--------+--------+-----+--------+

Top non-repeatable levels by time:
     D:2: 1350 daAuts
     D:1: 879 daAuts
     D:5: 230 daAuts
     D:6: 146 daAuts
     D:3: 39 daAuts
